 Dungeon Crawl Stone Soup version 0.30-a0-743-gbfdf073431 (webtiles) character file.

Game seed: 5800415108931890146

133 Monkooky the Slasher (level 5, 0/38 HPs)
             Began as a Djinni Warper on Feb 5, 2023.
             Was a Follower of Ru.
             Slain by a gnoll
             ... wielding a +0 spear
              (8 damage)
             ... on level 3 of the Dungeon.
             The game lasted 00:04:12 (2848 turns).

Monkooky the Slasher (Djinni Warper)                Turns: 2848, Time: 00:04:12

Health: 0/38       AC:  3    Str: 10    XL:     5   Next: 39%
Gold:   161        EV: 12    Int: 14    God:    Ru [*.....] SH:  0 Dex: 15

rFire   + + .      SeeInvis .    k - +1 dagger (venom)
rCold   x . .      Faith    .    (no shield)
rNeg    . . .      Spirit   .    b - +0 leather armour
rPois   ∞          Reflect  .    (no helmet)
rElec   .          Harm     .    (no cloak)
rCorr   .          Rampage  .    (no gloves)
Will    .....                    (boots unavailable)
Stlth   +                        (no amulet)
HPRegen 0.26/turn                (no ring)
MPRegen 0.00/turn                (no ring)

@: wereblooded, flying
A: sickness immunity, fire resistance 2, cold vulnerability 1, cowardly, float,
innate caster, HP casting, extra vitality 1
a: Renounce Religion


You were on level 3 of the Dungeon.
You worshipped Ru.
Ru was aware of your devotion.
You visited 1 branch of the dungeon, and saw 3 of its levels.

You collected 161 gold pieces.

Inventory:

Hand Weapons
 a - a +0 falchion
 k - a +1 dagger of venom (weapon)
Missiles
 d - 7 boomerangs of dispersal
Armour
 b - a +0 leather armour (worn)
 o - an orb of mayhem
Wands
 r - a wand of quicksilver (2)
Scrolls
 c - a scroll of blinking
 e - a scroll of teleportation {unknown}
 g - a scroll of immolation {unknown}
 h - 2 scrolls of fear {unknown}
 l - a scroll of enchant weapon {unknown}
 n - a scroll of fog {unknown}
 p - a scroll of enchant armour {unknown}
 q - 4 scrolls of identify {unknown}
Potions
 f - 4 potions of heal wounds
 i - 2 potions of attraction {unknown}
 j - a potion of haste {unknown}
 m - 2 potions of berserk rage {unknown}
 s - 2 potions of flight {unknown}


   Skills:
 - Level 2.0 Fighting
 - Level 3.7 Long Blades
 - Level 0.7 Throwing
 - Level 1.0 Armour
 - Level 2.2 Dodging
 + Level 3.4 Spellcasting


You couldn't memorise any spells.
You knew the following spells:

 Your Spells              Type           Power      Damage    Failure   Level
a - Blink                 Tloc           22%        N/A       11%         2
b - Lesser Beckoning      Tloc           22%        N/A       11%         2
c - Vhi's Electric Charg  Tloc/Air       22%        N/A       21%         3
d - Teleport Other        Tloc           11%        N/A       21%         3
e - Manifold Assault      Tloc           11%        N/A       56%         4
f - Magic Dart            Conj           44%        1d5       7%          1
g - Wereblood             Tmut           11%        N/A       11%         2
Your spell library was empty.

Dungeon Overview and Level Annotations

Branches:
Dungeon (3/15)

Altars:
Ashenzari
Ru

Shops:
D:2 :


Innate Abilities, Weirdness & Mutations

You are immune to sickness and miasma.
You are immune to poison.
Your flesh is very heat resistant. (rF++)
You are vulnerable to cold. (rC-)
Your cowardice makes you less effective in combat with threatening foes.
You float through the air rather than walking.
You learn spells naturally, not from books.
Your magical power is your life essence.
You have superior vitality. (+4 MHP)


Message History

Confirm with . or Enter, or press ? or * to list all spells.
Your blood is infused with primal strength.
The gnoll hits you from afar with a +0 spear.
The hound bites you but does no damage.
You hit the hound.
The hound is poisoned.
The hound is lightly wounded.
The hound barely misses you. The gnoll closely misses you.
You hit the hound.
The hound looks as sick as possible!
The hound is moderately wounded.
The hound is stunned by your conviction and fails to attack.
The gnoll hits you from afar with a +0 spear!
The hound bites you.
You hit the hound.
The hound looks as sick as possible!
The hound is severely wounded.
The hound bites you.
* * * LOW HITPOINT WARNING * * *
The gnoll hits you from afar with a +0 spear.
* * * LOW HITPOINT WARNING * * *
Unknown command.
It was a potion of heal wounds.
You feel much better. The hound closely misses you.
The gnoll hits you from afar with a +0 spear.
The hound bites you but does no damage.
You miss the hound.
The hound is severely wounded.
The hound barely misses you.
The gnoll hits you from afar with a +0 spear.
You kill the hound!
The gnoll closely misses you.
You hit the gnoll but do no damage.
The gnoll is poisoned.
The gnoll closely misses you.
You hit the gnoll.
The gnoll looks as sick as possible!
The gnoll is moderately wounded.
You howl as the wereblood boils in your veins!
The gnoll hits you with a +0 spear!
* * * LOW HITPOINT WARNING * * *
You hit the gnoll but do no damage.
The gnoll looks as sick as possible!
The gnoll is moderately wounded.
The gnoll hits you with a +0 spear!
You die...

#####.)######..######......#
#.. #.)..#####..............
#...#P.......##.<..........#
#...'........##.............
#+#+#P.......##.............
#..#.######......#####..
#..#.######.###### ###
####..g.##.....#
####@.......# ####.....#
#.....# ##.#########
#.........# #.###.....# #.#
#....[# #.# ##....# #.#
#.####


You could see a gnoll (extremely poisoned).

Vanquished Creatures
  2 hounds (D:3)
  An adder (D:3)
  A worm (D:2)
  A dart slug (D:1)
  2 orcs
  3 ball pythons
  6 endoplasms
  3 giant cockroaches
  3 hobgoblins
  3 quokkas
  5 bats
  3 frilled lizards
  7 goblins
  8 kobolds
  7 rats
55 creatures vanquished.

Notes
Turn   | Place    | Note
-------+----------+-------------------------------------------
     0 | D:1      | Monkooky the Djinni Warper began the quest for the Orb.
     0 | D:1      | Monkooky set off with the following spells memorised:
                  | Blink, Lesser Beckoning, Vhi's Electric Charge, Teleport
                  | Other, Manifold Assault.
     0 | D:1      | Reached XP level 1. HP: 18/18 MP: 0/0
   229 | D:1      | Reached XP level 2. HP: 23/23 MP: 0/0
   391 | D:1      | Found a faded altar of an unknown god.
   404 | D:1      | Prayed at the altar of an unknown god.
   404 | D:1      | Became a worshipper of Ru the Awakened
   426 | D:1      | Gained mutation: Your cowardice makes you less effective in
                  | combat with threatening foes. [Ru sacrifice]
   426 | D:1      | Reached * piety under Ru
   557 | D:1      | Reached XP level 3. HP: 20/28 MP: 0/0
   557 | D:1      | Learned a level 1 spell: Magic Dart
   819 | D:2      | Found a broken altar of Ashenzari.
  1039 | D:2      | Found Mizecih's Book Boutique.
  1633 | D:2      | Reached XP level 4. HP: 18/33 MP: 0/0
  2837 | D:3      | Reached XP level 5. HP: 25/38 MP: 0/0
  2837 | D:3      | Learned a level 2 spell: Wereblood
  2848 | D:3      | Slain by a gnoll

Illustrated notes

Levels and vault maps discovered:
D:1:      eino_arrival_water_cross, layout_rooms, ebering_ecumenical_altar_hall,
          serial_aquarium, aquarium_bridge_long_joined
          [aquarium_subvault_bridge, aquarium_subvault_bridge,
          aquarium_subvault_wall, aquarium_subvault_window,
          aquarium_subvault_bridge, aquarium_subvault_bridge],
          aquarium_bridge_island_small [aquarium_subvault_small_open,
          aquarium_subvault_wall, aquarium_subvault_bridge,
          aquarium_subvault_wall, aquarium_subvault_bridge],
          aquarium_window_fake, aquarium_window_fake, aquarium_view_2a,
          aquarium_view_2c, aquarium_pool_S
D:2:      layout_loops_corners, basic_altar, serial_shops, shop
D:3:      layout_basic, cheibrodos_gnoll_hut

Skill      XL: |  1  2  3  4 |
---------------+-------------+-----
Long Blades    | 2 3 |  3.7
Spellcasting   | 3 |  3.4
Fighting       | |  2.0
Throwing       | |  0.7
Armour         | |  1.0
Dodging        | |  2.2

Action                     |  1- 3 |  4- 6 || total
---------------------------+-------+-------++-------
  Melee: Falchion          |    40 |       ||    40
         Dagger            |    41 |    28 ||    69
         Punch             |     1 |       ||     1
   Cast: Magic Dart        |    32 |    28 ||    60
         Wereblood         |       |     1 ||     1
 Invoke: Sacrifice Courage |     1 |       ||     1
    Use: Potion            |       |     1 ||     1
 Armour: Leather armour    |    20 |     8 ||    28
  Dodge: Dodged            |    34 |    24 ||    58

Table legend: (Time is in decaauts)
 A = Elapsed time spent in this place.
 B = Non-inter-level travel time spent in this place.
 C = Inter-level travel time spent in this place.
 D = Time resting spent in this place.
 E = Time spent auto-exploring this place.
 F = Levels seen in this place.
 G = Mean time per level.
                   A        B        C        D        E       F      G
               +--------+--------+--------+--------+--------+-----+--------+
         Total |   2848 |   2789 |     59 |      0 |   2454 |   3 |  949.3 |
       Dungeon |   2848 |   2789 |     59 |      0 |   2454 |   3 |  949.3 |
               +--------+--------+--------+--------+--------+-----+--------+

Top non-repeatable levels by time:
     D:2: 1134 daAuts
     D:3: 919 daAuts
     D:1: 793 daAuts
